Match 33865436
Unlisted

Match 33865436
End
Selects Armored Battlegroup
Selects Assault Engineers
Scout Squad
Assault Engineer Squad
Construct Barracks
1⁄4-ton 4x4 Truck
Riflemen Squad
Riflemen Squad
Riflemen Squad
Construct Medical Station
Grenade Package
Construct Weapon Support Center
Selects Field Repairs
Mechanized Support Center
M1919 Machine Gun Team
Riflemen Squad
Selects War Machine
M1918 Browning Automatic Rifles
Sniper
Construct Tank Depot
Selects Strength in Steel
M18 Hellcat Tank Destroyer
Selects Seek and Destroy
Selects UNKNOWN (2160077)
M4A3E8 Sherman Easy Eight
M4A3E8 Sherman Easy Eight
a_rotator
Goodvyn
0
0

Comments sign in to comment!

No comments posted yet!